AoeStats
← Fred's real son

MegaRandom

510329914Analyzed
4v4 RM · 2d ago on Sep 30, 2026· 42m 52s· 8 players
Game mode
Random Map
Map size
Large (8 player)
Population
200
Speed
Normal
Resources
Standard
Victory
Conquest
Starting age
Dark Age
Ending age
Imperial Age
RankedLock teamsTeams togetherTeam positionsShared explorationLock speedFull tech treeHidden civsTurbo modeCheats
Victory
Defeat
🇭🇰 Saracens · Hong Kong SAR China
1525
+12
🇭🇰 Tatars · Hong Kong SAR China
1501
+13
🇭🇰 Saxons · Hong Kong SAR China
1492
+13
🇭🇰 Khmer · Hong Kong SAR China
1481
+14
🇩🇪 Saxons · Germany
1453
-13
🇨🇳 Persians · China
1432
-13
🇨🇳 Hindustanis · China
1432
-13
🇻🇳 Maya · Vietnam
1431
-13
hoot
0:34 Loom
12:34 Feudal Age
16:09 Castle Age
14:29 Double-Bit Axe
14:25 Horse Collar
15:53 Gold Mining
16:55 Bow Saw
17:51 Fletching
19:01 Bloodlines
19:52 Bodkin Arrow
21:39 Ballistics
21:22 Husbandry
21:25 Heavy Plow
21:51 Padded Archer Armor
23:39 Thumb Ring
24:29 Wheelbarrow
25:50 Parthian Tactics
27:46 Leather Archer Armor
32:48 Hand Cart
35:58 Imperial Age
36:32 Pikeman
37:13 Squires
36:58 Arson
36:59 Gambesons
37:16 Scale Mail Armor
37:27 Forging
38:50 Chain Mail Armor
39:12 Town Watch
40:06 Iron Casting
40:01 Halberdier
41:13 Plate Mail Armor
40:17 Capped Ram
41:16 Caravan
Chili
0:35 Loom
11:49 Feudal Age
16:01 Castle Age
14:18 Double-Bit Axe
14:43 Horse Collar
20:44 Fletching
23:45 Ballistics
24:05 Bodkin Arrow
26:39 Bow Saw
27:32 Wheelbarrow
27:13 Gold Mining
30:36 Hand Cart
30:43 Squires
34:30 Imperial Age
32:17 Stone Mining
32:15 Gambesons
32:16 Arson
32:32 Scale Mail Armor
32:55 Heavy Plow
33:40 Chain Mail Armor
34:25 Gold Shaft Mining
34:19 Forging
35:51 Plate Mail Armor
34:46 Elite Varangian Guard
36:06 Iron Casting
37:58 Bracer
38:09 Masonry
37:57 Murder Holes
37:49 Shield Wall
39:21 Architecture
40:24 Hoardings
40:10 Conscription
Boar
11:09 Feudal Age
11:56 Double-Bit Axe
17:16 Castle Age
15:05 Loom
17:20 Castle Age
17:00 Fishing Lines
19:03 Bow Saw
21:17 Wheelbarrow
22:53 Gillnets
25:13 Horse Collar
25:57 Heavy Plow
26:41 Gold Mining
28:07 Hand Cart
30:49 Imperial Age
28:48 Husbandry
28:58 Bloodlines
28:56 Scale Barding Armor
29:01 Forging
29:48 Fervor
30:56 Chain Barding Armor
31:11 Iron Casting
31:21 Gold Shaft Mining
30:49 Grand Trunk Road
31:56 Iron Casting
30:59 Heavy Camel Rider
32:07 Conscription
32:33 Plate Barding Armor
34:01 Two-Man Saw
32:53 Stone Mining
33:16 Imperial Camel Rider
35:31 Blast Furnace
43:00 Caravan
kkkkk1231231
0:29 Loom
12:16 Feudal Age
12:40 Horse Collar
12:46 Double-Bit Axe
14:47 Gold Mining
19:46 Castle Age
19:09 Fletching
19:22 Padded Archer Armor
19:47 Crossbowman
20:26 Bodkin Arrow
21:07 Bow Saw
21:17 Heavy Plow
23:59 Wheelbarrow
24:52 Ballistics
25:44 Hand Cart
28:20 Leather Archer Armor
32:01 Town Watch
35:03 Imperial Age
33:31 Stone Mining
34:20 Thumb Ring
34:44 Elite Skirmisher
36:16 Ring Archer Armor
35:47 Bracer
37:01 Conscription
39:55 Guilds
40:40 Arbalester
Grrgrag
0:46 Loom
9:31 Feudal Age
17:42 Castle Age
15:45 Double-Bit Axe
16:19 Gold Mining
16:19 Horse Collar
18:34 Wheelbarrow
19:08 Bow Saw
18:51 Fletching
19:27 Bodkin Arrow
23:20 Padded Archer Armor
24:30 Bloodlines
25:27 Leather Archer Armor
25:44 Husbandry
29:10 Gold Shaft Mining
34:00 Imperial Age
31:46 Stone Mining
33:09 Hand Cart
34:41 Bracer
35:42 Chemistry
34:46 Heavy Cavalry Archer
36:07 Ring Archer Armor
36:12 Ballistics
40:25 Scale Barding Armor
40:30 Forging
40:26 Heavy Plow
41:06 Light Cavalry
42:08 Chain Barding Armor
argum
0:33 Loom
11:27 Feudal Age
12:41 Double-Bit Axe
15:40 Castle Age
14:08 Gold Mining
14:17 Horse Collar
15:43 Scale Mail Armor
21:54 Bow Saw
23:42 Squires
25:00 Arson
26:53 Wheelbarrow
26:46 Fletching
28:15 Heavy Plow
29:52 Chain Mail Armor
31:33 Gold Shaft Mining
34:16 Imperial Age
32:12 Masonry
33:09 Stone Mining
33:43 Forging
33:44 Bodkin Arrow
33:58 Gambesons
34:29 Town Watch
35:02 Hand Cart
35:30 Plate Mail Armor
35:20 Elite Varangian Guard
37:51 Treadmill Crane
38:45 Town Patrol
39:22 Iron Casting
40:27 Two-Man Saw
40:59 Chemistry
40:30 Conscription
40:56 Guilds
42:11 Crop Rotation
41:07 Capped Ram
43:30 Ballistics
42:43 Siege Ram
Steven S Lee
0:35 Loom
10:59 Feudal Age
15:13 Castle Age
13:39 Horse Collar
13:51 Gold Mining
14:20 Double-Bit Axe
14:16 Horse Collar
17:12 Bow Saw
22:35 Town Watch
24:03 Heavy Plow
26:39 Wheelbarrow
26:47 Gold Shaft Mining
29:58 Imperial Age
27:57 Scale Barding Armor
28:18 Forging
28:46 Bloodlines
28:37 Husbandry
28:44 Stone Mining
29:33 Chain Barding Armor
29:59 Fletching
30:45 Iron Casting
30:02 Fletching
30:08 Elite Mameluke
31:26 Plate Barding Armor
30:44 Fletching
31:40 Hand Cart
31:57 Conscription
32:01 Conscription
31:58 Masonry
32:09 Ballistics
33:23 Blast Furnace
34:50 Bodkin Arrow
36:51 Hoardings
37:55 Coinage
39:27 Bracer
40:29 Chemistry
39:25 Murder Holes
Fred's real son
0:33 Loom
11:38 Feudal Age
15:00 Castle Age
13:46 Double-Bit Axe
15:55 Bow Saw
16:29 Horse Collar
20:17 Scale Barding Armor
20:32 Gold Mining
23:18 Husbandry
24:02 Chain Barding Armor
25:05 Forging
25:20 Bloodlines
26:13 Wheelbarrow
27:12 Hand Cart
29:37 Iron Casting
30:48 Gold Shaft Mining
31:43 Stone Mining
34:43 Imperial Age
32:18 Heavy Plow
35:12 Pikeman
40:53 Scale Mail Armor
42:37 Halberdier
Connection lost

Rejoining the realm…

Still unreachable

The connection could not be restored.

Session expired

The server has moved on; the page needs a fresh start.